 Dungeon Crawl Stone Soup version 0.24.0-123-gd5b16e6ec5 (webtiles) character file.

Game seed: 8520986756691564094, levelgen mode: deterministic

103 sanka the Skirmisher (level 4, -1/50 HPs)
             Began as an Ogre Berserker on Jan 24, 2020.
             Was a Believer of Trog.
             Slain by a hound (4 damage)
             ... on level 3 of the Dungeon.
             The game lasted 00:04:41 (3503 turns).

sanka the Skirmisher (Ogre Berserker)               Turns: 3503, Time: 00:04:42

Health: -1/50      AC:  3    Str: 21    XL:     4   Next: 79%
Magic:  4/4        EV:  9    Int:  8    God:    Trog [**....]
Gold:   148        SH:  0    Dex:  9    Spells: 3/3 levels left

rFire    . . .     SeeInvis .   a - +0 mace
rCold    . . .     Gourm    .   (no shield)
rNeg     . . .     Faith    .   b - +0 animal skin
rPois    .         Spirit   .   (helmet restricted)
rElec    .         Reflect  .   (no cloak)
rCorr    .         Harm     .   (gloves unavailable)
MR       .....                  (boots unavailable)
Stlth    ..........             (no amulet)
HPRegen  0.16/turn              f - ring of attention (curse)
MPRegen  0.09/turn              (no ring)

@: heavily drained
A: large, unfitting armour, tough skin 1
a: Berserk, Trog's Hand, Renounce Religion


You were on level 3 of the Dungeon.
You worshipped Trog.
Trog was pleased with you.
You were hungry.

You visited 1 branch of the dungeon, and saw 4 of its levels.

You collected 148 gold pieces.


Innate Abilities, Weirdness & Mutations

You are too large for most types of armour.
You have tough skin. (AC +1)


   Skills:
 + Level 5.1(3.3) Fighting
 * Level 4.3(2.6) Maces & Flails
 - Level 2.6(1.0) Dodging


You had 3 spell levels left.
You didn't know any spells.
Your spell library was empty.

Dungeon Overview and Level Annotations

Branches:
Dungeon (4/15)
 Temple: D:4-7

Altars:
Okawaru
Vehumet

Inventory:

Hand Weapons
 a - a +0 mace (weapon)
 h - a +1 dagger of venom
   (You took it off a goblin on level 2 of the Dungeon)
Missiles
 i - a throwing net (quivered) {!f}
 j - 10 poisoned darts
Armour
 b - a +0 animal skin (worn)
Jewellery
 f - a cursed ring of attention (left hand)
   (You found it on level 1 of the Dungeon)
Scrolls
 e - 4 scrolls of identify {unknown}
 g - a scroll of blinking {unknown}
 l - a scroll of random uselessness {unknown}
 m - a scroll of teleportation {unknown}
Potions
 d - 5 potions of curing {unknown}
Comestibles
 c - 10 rations

#.##.#.## #.# #.#
........########.## #.#
........##........# ##'##
.###(##.##.#####..# ##...##
.###.##.##.# #..# ##.....##
.#.#.##.##.# ###..# ##.......##
.....##.##.###....####.........##
.....................+.........+.
.....##.##.###.h@...##.........##
........##.###.#.###.##.......###
####.#####.......# #.###.....## #
#.# #######.###.# ##...##### #.#
##...## #........ #.# ##.##
#..###### ####.# #.# #..# #
.....# #.# #..###### ###### #.#
####...#^...


You could see a hound.


Message History

The hound bites you but does no damage.
You hit the hound but do no damage. The hound bites you.
The hound bites you but does no damage.
You barely miss the hound. The hound bites you. x2
You thump the hound!
The hound is heavily wounded.
The hound barely misses you. The hound bites you but does no damage.
You completely miss the hound.
The hound is heavily wounded.
The hound bites you.
You miss the hound.
The hound is heavily wounded.
The hound bites you but does no damage. The hound bites you.
* * * LOW HITPOINT WARNING * * *
You closely miss the hound.
The hound is heavily wounded.
The hound bites you.
* * * LOW HITPOINT WARNING * * *
The hound bites you but does no damage.
You completely miss the hound.
The hound is heavily wounded.
The hound bites you.
* * * LOW HITPOINT WARNING * * *
The hound bites you.
* * * LOW HITPOINT WARNING * * *
You hit the hound.
The hound is severely wounded.
The hound stops to sniff the ground.
The hound bites you.
* * * LOW HITPOINT WARNING * * *
The hound bites you but does no damage.
You hit the hound.
The hound is severely wounded.
The hound bites you but does no damage. The hound bites you.
* * * LOW HITPOINT WARNING * * *
You closely miss the hound.
The hound is severely wounded.
The hound bites you.
* * * LOW HITPOINT WARNING * * *
The hound bites you.
* * * LOW HITPOINT WARNING * * *
You barely miss the hound.
The hound is severely wounded.
The hound bites you.
* * * LOW HITPOINT WARNING * * *
The hound barely misses you.
You barely miss the hound.
The hound is severely wounded.
The hound barely misses you. The hound bites you.
You die...

Levels and vault maps discovered:
D:1:      wander_arrival_estate, layout_loops_corners, hangedman_feature_mirror
D:2:      layout_loops_ring, nicolae_overflow_crystal_walls,
          columned_hall_lemuel, minmay_pentomino_v2
D:3:      layout_loops_corners, vehumet_crystals, first_ration,
          chequers_ecumenical_altar_lobes
D:4:      layout_rooms, xom_redecorated, nicolae_overflow_hidden_temple,
          kennysheep_little_box, serial_shops, nicolae_shop_statue_plus,
          uniq_eustachio, uniq_edmund

Vanquished Creatures
  2 adders
  4 dart slugs
  2 leopard geckos
  13 bats
  2 giant cockroaches (D:1)
  12 goblins
  11 hobgoblins
  6 jackals
  2 quokkas (D:3)
  3 frilled lizards
  7 kobolds
  7 rats
71 creatures vanquished.

Table legend:
 A = Turns spent in this place as a percentage of turns spent in the entire game.
 B = Non-inter-level travel turns spent in this place as a percentage of non-inter-level travel turns spent in the entire game.
 C = Inter-level travel turns spent in this place as a percentage of turns spent in this place.
 D = Turns resting spent in this place as a percentage of non-inter-level travel turns spent in this place.
 E = Turns spent auto-exploring this place as a percentage of non-inter-level travel turns spent in this place.
 F = Non-inter-level travel turns spent in this place divided by the number of levels of this place that you've seen.
                   A       B       C       D       E      F
               +-------+-------+-------+-------+-------+----------------------
         Total | 100.0 | 100.0 |   2.1 |  27.5 |  55.3 | 857.5
       Dungeon | 100.0 | 100.0 |   2.1 |  27.5 |  55.3 | 857.5
               +-------+-------+-------+-------+-------+----------------------

Table legend:
 A = Kills in this place as a percentage of kills in entire the game.
 B = Kills by you in this place as a percentage of kills by you in the entire game.
 C = Kills by friends in this place as a percentage of kills by friends in the entire game.
 D = Other kills in this place as a percentage of other kills in the entire game.
 E = Experience gained in this place as a percentage of experience gained in the entire game.
 F = Experience gained in this place divided by the number of levels of this place that you have seen.
                   A       B       C       D       E      F
               +-------+-------+-------+-------+-------+----------------------
         Total | 100.0 | 100.0 |   N/A |   N/A | 100.0 |  37.0
       Dungeon | 100.0 | 100.0 |   N/A |   N/A | 100.0 |  37.0
               +-------+-------+-------+-------+-------+----------------------

Notes
Turn   | Place    | Note
-------+----------+-------------------------------------------
     0 | D:1      | sanka the Ogre Berserker began the quest for the Orb.
     0 | D:1      | Reached XP level 1. HP: 24/24 MP: 1/1
    35 | D:1      | Reached skill level 3 in Maces & Flails
    38 | D:1      | Reached XP level 2. HP: 25/32 MP: 2/2
    63 | D:1      | HP: 7/32 [kobold/+0 short sword (3)]
    75 | D:1      | HP: 4/32 [bat (1)]
    85 | D:1      | HP: 4/32 [bat (1)]
   833 | D:1      | Reached XP level 3. HP: 29/40 MP: 3/3
  1250 | D:1      | Reached ** piety under Trog
  1701 | D:2      | Found an iron altar of Okawaru.
  1828 | D:2      | HP: 10/40 [poisoned by a goblin]
  1833 | D:2      | HP: 8/40 [poisoned by a goblin]
  1839 | D:2      | HP: 5/40 [poisoned by a goblin]
  1847 | D:2      | HP: 4/40 [poisoned by a goblin]
  1855 | D:2      | HP: 3/40 [poisoned by a goblin]
  2146 | D:2      | Reached XP level 4. HP: 49/49 MP: 4/4
  2281 | D:2      | Reached skill level 4 in Maces & Flails
  2590 | D:3      | Reached skill level 5 in Fighting
  3103 | D:3      | Found a radiant altar of Vehumet.
  3285 | D:3      | Found a faded altar of an unknown god.
  3499 | D:3      | HP: 12/50 [hound (3)]
  3501 | D:3      | HP: 5/50 [hound (1)]
  3503 | D:3      | Slain by a hound

Action                   |  1- 3 |  4- 6 || total
-------------------------+-------+-------++-------
Melee: Mace              |   173 |    94 ||   267
  Eat: Chunk             |     4 |     4 ||     8
Armor: Animal skin       |    81 |    38 ||   119
Dodge: Dodged            |   133 |    56 ||   189
